 Dungeon Crawl Stone Soup version 0.18.1-48-g4cf74bf (webtiles) character file.

90 Drashi the Skirmisher (level 4, -3/29 HPs)
             Began as a Gargoyle Berserker on Aug 10, 2016.
             Was a Believer of Trog.
             Slain by a gnoll
             ... wielding a +0 halberd
              (4 damage)
             ... on level 2 of the Dungeon.
             The game lasted 00:06:14 (1340 turns).

Drashi the Skirmisher (Gargoyle Berserker)          Turns: 1340, Time: 00:06:15

Health: -3/29      AC: 18    Str: 21    XL:     4   Next: 56%
Magic:  4/4        EV:  6    Int:  8    God:    Trog [**....]
Gold:   59         SH:  0    Dex:  9    Spells: 0 memorised, 3 levels left

rFire  . . .     SeeInvis .     a - +0 mace
rCold  . . .     Gourm    .     u - +0 plate armour
rNeg   + . .     Faith    .     (no shield)
rPois  ∞         Spirit   .     k - +2 helmet
rElec  +         Dismiss  .     (no cloak)
rCorr  .         Reflect  .     (no gloves)
SustAt .         Harm     .     (no boots)
MR     .....                    (no amulet)
Stlth  ..........               (no ring)
                                (no ring)

@: exhausted, slowed, very slow, not resistant to hostile enchantments,
extremely unstealthy
A: negative energy resistance 1, electricity resistance, unbreathing,
petrification resistance, rot immunity, AC +3
a: Berserk, Trog's Hand, Burn Spellbooks, Renounce Religion


You were on level 2 of the Dungeon.
You worshipped Trog.
Trog was pleased with you.
You were hungry.

You visited 1 branch of the dungeon, and saw 2 of its levels.

You collected 59 gold pieces.

Inventory:

Hand Weapons
 a - a +0 mace (weapon)
Armour
 b - a +0 animal skin
 k - a +2 helmet (worn)
 o - a +0 ring mail
 u - a +0 plate armour (worn)
Jewellery
 p - a cursed ring of loudness {unknown}
Scrolls
 e - 2 scrolls of fog {unknown}
 h - 2 scrolls of random uselessness {unknown}
 j - a scroll of teleportation {unknown}
 l - 2 scrolls of identify {unknown}
 q - a scroll of remove curse {unknown}
Potions
 d - a potion of brilliance {unknown}
 f - 3 potions of heal wounds {unknown}
 n - a potion of degeneration {unknown}
 r - a potion of invisibility {unknown}
 s - a potion of curing {unknown}
Comestibles
 c - a bread ration
 g - 3 meat rations
 i - a beef jerky
 m - 4 chunks of flesh
 t - 5 fruits


   Skills:
 * Level 4.0 Fighting
 * Level 4.0 Maces & Flails
 * Level 2.9 Armour
 - Level 2.0 Dodging


You had 3 spell levels left.
You didn't know any spells.

Dungeon Overview and Level Annotations

Branches:
Dungeon (2/15)

Altars:
Ru


Innate Abilities, Weirdness & Mutations

You are resistant to torment.
Your stone body is resilient (AC +3).
You are immune to poison.
You resist negative energy.
You are resistant to electric shocks.
You can survive without breathing.
You are immune to petrification.
You are immune to rotting.


Message History

You feel yourself slow down.
You are feeling hungry.
The gnoll barely misses you.
You sock the gnoll!
You kill the gnoll!
Trog accepts your kill. The gnoll hits you but does no damage.
The gnoll barely misses you. The kobold closely misses you.
The gnoll hits you but does no damage.
You closely miss the kobold.
The gnoll hits you from afar with a halberd!
* * * LOW HITPOINT WARNING * * *
The kobold barely misses you.
The gnoll hits you from afar with a spear.
* * * LOW HITPOINT WARNING * * *
The gnoll hits you but does no damage. The kobold hits you but does no damage.
You fail to use your ability.
The gnoll hits you from afar with a spear.
* * * LOW HITPOINT WARNING * * *
The gnoll hits you from afar with a halberd.
You die...

########### ######
....#.....## ##.....##
...........## ##........
............######r........
................@Kg()......
............######g........
............#### #.........
.......>...†...# #.........
...........†##.###.........
...........###...##........
....#.....## ###.##......##
###############........###
##. #....######.. #..


You could see 2 gnolls, a kobold and a rat.

Vanquished Creatures
  2 adders (D:2)
  2 gnolls (D:2)
  2 dart slugs (D:1)
  2 giant geckos
  A ball python (D:1)
  10 bats
  3 giant cockroaches
  5 goblins
  4 hobgoblins
  4 jackals (D:2)
  A quokka (D:2)
  3 giant newts
  4 kobolds
  2 rats (D:1)
45 creatures vanquished.

Notes
Turn   | Place    | Note
--------------------------------------------------------------
     0 | D:1      | Drashi the Gargoyle Berserker began the quest for the Orb.
     0 | D:1      | Reached XP level 1. HP: 14/14 MP: 1/1
   140 | D:1      | Reached XP level 2. HP: 10/19 MP: 2/2
   832 | D:1      | Reached XP level 3. HP: 24/24 MP: 3/3
  1052 | D:2      | Reached ** piety under Trog
  1090 | D:2      | Found a sacrificial altar of Ru.
  1268 | D:2      | Reached XP level 4. HP: 25/29 MP: 4/4
  1340 | D:2      | HP: 1/29 [gnoll/spear (1)]
  1340 | D:2      | Slain by a gnoll

Skill      XL: |  1  2  3  4 |
---------------+-------------+-----
Dodging        | 2 |  2.0
Fighting       | 4 |  4.0
Maces & Flails | 4 |  4.0
Armour         | |  2.9

Action                   |  1- 3 |  4- 6 || total
-------------------------+-------+-------++-------
Melee: Mace              |   137 |    19 ||   156
Invok: Berserk           |       |     1 ||     1
  Eat: Chunk             |     1 |     1 ||     2
Armor: Animal skin       |    62 |       ||    62
       Plate armour      |    13 |    36 ||    49
Dodge: Dodged            |   147 |    17 ||   164
